 Dungeon Crawl Stone Soup version 0.15-a0-734-g2b8d6ef (webtiles) character file.

113992 PolkaDot the Convoker (level 16, -13/107 HPs)
             Began as a Vampire Summoner on May 11, 2014.
             Was the Champion of Sif Muna.
             Hit by a javelin of returning thrown by a merfolk javelineer (26 damage)
             ... on Level 5 of the Shoals.
             The game lasted 06:23:58 (36542 turns).

PolkaDot the Convoker (Vampire Summoner)           Turns: 36542, Time: 06:23:58

HP -13/107       AC 21     Str  7      XL: 16   Next: 15%
MP   6/29        EV 18     Int 30      God: Sif Muna [******]
Gold 1490        SH  7     Dex 14      Spells: 10 memorised,  0 levels left

rFire  . . .     SeeInvis +     b - +4,+5 hand axe of Frookle {flame, rElec rPois}
rCold  + + .     Clarity  .     V - +4 troll leather armour
rNeg   . . .     Conserve .     w - +0 buckler (curse)
rPois  +         rCorr    .     r - +2 helmet {Int+3}
rElec  +         rRot     .     m - +2 cloak
SustAb . .       Spirit   .     Q - +2 pair of gloves
rMut   .         Warding  .     W - +2 pair of boots {Fly}
Gourm  .         Stasis   .     x - amulet of faith
MR     +....                    P - ring "Dudowog" {rC++ EV+3}
                                y - +3 ring of intelligence

@: regenerating quickly, flying, somewhat resistant to hostile enchantments,
unstealthy
A: bottle blood, fangs 3, rugged brown scales 1, see invisible, clever 1, low mp
1, spit poison 1, wild magic 2, unbreathing, evolution 1, no device heal 1
a: Spit Poison, Bottle Blood, Channel Energy, Forget Spell, Renounce Religion,
Stop Flying


You were on level 5 of the Shoals.
You worshipped Sif Muna.
Sif Muna was exalted by your worship.
You were full.

You visited 4 branches of the dungeon, and saw 32 of its levels.
You also visited: Labyrinth and Bailey.

You collected 2480 gold pieces.
You spent 990 gold pieces at shops.

Inventory:

Hand weapons
 b - the +4,+5 hand axe of Frookle (weapon) {flame, rElec rPois}
   (You found it on level 8 of the Dungeon)

   It emits flame when wielded, causing extra injury to most foes and up to
   double damage against particularly susceptible opponents.
   Big, fiery blades are also staple armaments of hydra-hunters.
   It insulates you from electricity.
   It protects you from poison.
Armour
 m - a +2 cloak (worn)
 r - a +2 helmet of intelligence (worn)
 w - a cursed +0 buckler (worn)
 Q - a +2 pair of gloves (worn)
 V - a +4 troll leather armour (worn)
 W - a +2 pair of boots of flying (worn)
Magical devices
 K - a wand of digging (9)
Scrolls
 a - a scroll of fog
 g - 4 scrolls of identify
 i - 2 scrolls of blinking
 n - a scroll of enchant weapon II
 I - 4 scrolls of amnesia
 T - 2 scrolls of vulnerability
 X - a scroll of magic mapping
 Z - 2 scrolls of fear
Jewellery
 x - an amulet of faith (around neck)
 y - a +3 ring of intelligence (left hand)
 P - the ring "Dudowog" (right hand) {rC++ EV+3}
   (You took it off a minotaur in a labyrinth)

   [ring of evasion]

   It affects your evasion (+3).
   It greatly protects you from cold.
Potions
 d - 2 potions of brilliance
 t - 4 potions of haste
 u - 3 potions of might
 B - a potion of resistance
 H - 3 potions of restore abilities
Books
 c - Sif Muna's Papyrus of the Albatross {god gift}
   (Sif Muna gifted it to you on level 14 of the Dungeon)

   Spells                             Type                      Level
   *Summon Butterflies                Summoning                    1
   Summon Small Mammal                Summoning                    1
   *Summon Ice Beast                  Ice/Summoning                4
   Summon Demon                       Summoning                    5
   Dragon's Call                      Summoning                    9
 e - Brotak's Papyrus of Calling {god gift}
   (Sif Muna gifted it to you on level 2 of the Shoals)

   Spells                             Type                      Level
   Summon Small Mammal                Summoning                    1
   Summon Mana Viper                  Hexes/Summoning              5
   Monstrous Menagerie                Summoning                    6
   *Summon Hydra                      Summoning                    7
 f - a book of Necromancy

   Spells                             Type                      Level
   Pain                               Necromancy                   1
   Animate Skeleton                   Necromancy                   1
   Vampiric Draining                  Necromancy                   3
   *Regeneration                      Charms/Necromancy            3
   Animate Dead                       Necromancy                   4
   Control Undead                     Necromancy                   4
 j - Sif Muna's Almanac of the Traveller and Cold {god gift}
   (Sif Muna gifted it to you on level 1 of the Shoals)

   Spells                             Type                      Level
   *Apportation                       Translocation                1
   Ensorcelled Hibernation            Hexes/Ice                    2
   Portal Projectile                  Translocation                3
   Freezing Cloud                     Conjuration/Ice/Air          6
   Malign Gateway                     Summoning/Translocation      7
 o - Sif Muna's Tome of Dislocated Aid {god gift}
   (Sif Muna gifted it to you on level 4 of the Shoals)

   Spells                             Type                      Level
   Infusion                           Charms                       1
   Song of Slaying                    Charms                       2
   *Blink                             Translocation                2
   Warp Weapon                        Charms/Translocation         5
   Disjunction                        Translocation                8
 p - a book of Enchantments

   Spells                             Type                      Level
   Cause Fear                         Hexes                        4
   Silence                            Hexes/Air                    5
   Tukima's Dance                     Hexes                        5
   Deflect Missiles                   Charms/Air                   6
   *Haste                             Charms                       6
   Discord                            Hexes                        8
 s - Xunwoliola's Grimoire of Feathers
   (You found it on level 6 of the Lair of Beasts)

   Spells                             Type                      Level
   Shock                              Conjuration/Air              1
   Flight                             Charms/Air                   3
   Poisonous Cloud                    Conjuration/Poison/Air       6
 v - a book of Conjurations {god gift}

   Spells                             Type                      Level
   Magic Dart                         Conjuration                  1
   Searing Ray                        Conjuration                  2
   Dazzling Spray                     Conjuration/Hexes            3
   Fulminant Prism                    Conjuration/Hexes            4
   Iskenderun's Mystic Blast          Conjuration                  4
   Iskenderun's Battlesphere          Conjuration/Charms           5


   Skills:
 + Level 3.1 Fighting
   Level 2.7 Short Blades
 - Level 10.5 Dodging
 - Level 3.0 Stealth
 - Level 10.2 Spellcasting
 - Level 9.6 Hexes
 * Level 9.8 Charms
 - Level 18.2 Summonings
 - Level 4.5 Translocations
 - Level 6.0 Ice Magic
   Level 3.2 Air Magic


You couldn't memorise any spells.
You knew the following spells:

 Your Spells              Type           Power        Failure   Level  Hunger
a - Apportation           Tloc           ######....   10%         1    None
d - Summon Hydra          Summ           ########..   17%         7    ######.
f - Summon Ice Beast      Ice/Summ       ########     6%          4    None
g - Summon Guardian Gole  Hex/Summ       ########     4%          4    None
h - Haste                 Chrm           #######.     50%         6    #####..
q - Blink                 Tloc           N/A          10%         2    None
r - Regeneration          Chrm/Necr      ######....   14%         3    None
s - Call Imp              Summ           ########     1%          2    None
x - Summon Forest         Summ/Tloc      ########..   12%         5    ##.....
A - Summon Butterflies    Summ           ########     1%          1    None


Dungeon Overview and Level Annotations

Branches:
Dungeon (15/15)            Temple (0/1) D:6             Orc (4/4) D:10
    Elf (0/3) Orc:4          Lair (8/8) D:10         Shoals (5/5) Lair:4
 Spider (0/5) Lair:3        Slime (0/6) Lair:8       Vaults (0/5) D:13
 Depths (0/5) D:15

Altars:
Cheibriados
Dithmenos
Elyvilon
Nemelex Xobeh
Okawaru
Sif Muna
Zin
Beogh
Jiyva

Shops:
D:6 %   D:8 !*   D:11 (   Orc:3 }   Orc:4 ([?(=[   Shoals:3 %


Innate Abilities, Weirdness & Mutations

Your natural rate of healing is unusually fast.
You can bottle blood from corpses.
You have razor-sharp teeth.*
You have supernaturally acute eyesight.
You can survive without breathing.*
You are partially covered in rugged brown scales (AC +1, +3% HP).*
Your mind is acute. (Int +2)
Your magical capacity is low (-10% MP).+ You can spit poison.+ Your spells are harder to cast, but more powerful.+ You evolve.+ Potions and wands are less effective at restoring your health.+


Message History

Your dryad calls out to the forest.
The forest starts to sway and rumble!
* * * LOW MAGIC WARNING * * *
The merfolk javelineer throws a javelin of returning.
The javelin of returning barely misses you.
The weapon returns to the merfolk javelineer!
Casting: Summon Forest
Confirm with . or Enter, or press ? or * to list all spells.
You don't have enough magic to cast that spell.
Drink which item? (? for menu, Esc to quit)
Okay, then.
Use which ability? (? or * to list)
You channel some magical energy.
The merfolk javelineer throws a javelin of returning.
The javelin of returning hits you!
* * * LOW HITPOINT WARNING * * *
The weapon returns to the merfolk javelineer!
The merfolk javelineer throws a javelin of returning.
The javelin of returning hits you!
You die...

≈≈≈ ≈≈≈≈≈≈♣.
.#♣≈≈≈≈..≈≈
≈♣≈≈(≈≈≈≈≈≈
'≈≈≈≈≈≈)≈≈≈
♣%≈%≈≈.≈(.♣
♣♣≈≈≈≈.....♣
♣#♣♣#≈(≈(R≈≈.♣.#
≈≈≈≈≈≈≈≈@≈≈≈≈..♣
≈≈≈≈≈≈≈≈≈(%≈≈..♣
≈≈≈≈≈≈≈)(≈≈≈.♣.#
≈≈≈≈≈≈≈≈≈≈≈≈(...
≈≈≈≈≈≈≈≈≈≈≈≈.♣..
≈≈≈≈≈≈≈≈≈≈m....
≈≈≈≈≈≈≈≈≈≈. .
≈≈≈≈≈≈≈≈≈
≈≈≈≈≈...


You could see a merfolk javelineer and a friendly dryad.

Vanquished Creatures
  3 griffons
  Psyche (D:10)
  2 centaur zombies
  A two-headed ogre (D:13)
  A raven (D:14)
  2 wargs
  A mottled dragon (D:11)
  5 porcupines
  13 orc warriors
  An ice beast (D:8)
  A water moccasin (Lair:4)
  4 ogres
  A centaur (D:9)
  7 giant frogs
  A scorpion (D:7)
  A killer bee (D:7)
  6 hounds
  15 orc priests
  A basilisk zombie (D:11)
  14 orc wizards
  An iguana (Lair:2)
  4 worker ants
  A sheep (Lair:8)
  A hound skeleton (D:6)
  9 gnolls
  19 adders
  5 green rats
  An inept item mimic (Orc:1)
  2 shadow imps (D:12)
  5 worms
  An adder zombie (D:5)
  2 adder skeletons
  6 giant geckos
  123 orcs
  12 bats
  25 goblins
  25 hobgoblins
  17 jackals
  15 kobolds
  7 quokkas
  4 ball pythons
  3 giant cockroaches
  3 giant newts
  A giant spore (D:7)
  An orc zombie (Orc:4)
  20 rats
  A rat zombie (D:5)
  7 ballistomycetes
402 creatures vanquished.

Vanquished Creatures (collateral kills)
  Norris (Shoals:2)
  A kraken (Shoals:2)
  Polyphemus (Shoals:3)
  Frances (D:14)
  Ilsuiw (Shoals:5)
  Donald (Orc:3)
  Maud (Lair:3)
  A frost giant (Shoals:2)
  2 orc warlords
  Gastronok (Orc:4)
  A stone giant (Orc:4)
  A dire elephant (D:15)
  4 merfolk javelineers
  Snorg (Shoals:4)
  4 merfolk impalers
  3 sirens
  A minotaur (Lab)
  Fannar (Lair:4)
  An ogre mage (D:13)
  Nessos (Orc:3)
  11 hydras
  A ravenous feature mimic (Lair:8)
  2 merfolk aquamancers
  An alligator snapping turtle (Shoals:5)
  A tengu warrior (D:14)
  13 death yaks
  Urug (D:10)
  A satyr (Shoals:3)
  An orc high priest (Orc:4)
  A deep troll shaman (Lair:8)
  3 centaur warriors
  2 catoblepae
  3 sea snakes
  A wizard (D:15)
  An orb spider (Lair:3)
  2 unseen horrors
  2 lindwurms (Lair:4)
  9 hill giants
  4 orc knights
  14 harpies
  A water nymph (Shoals:3)
  8 manticores
  3 griffons
  9 fauns
  2 orc sorcerers
  9 elephants
  12 cyclopes
  6 mermaids
  Maurice (D:8)
  16 spiny frogs
  4 black mambas
  A queen ant (Lair:7)
  2 feature mimics
  4 komodo dragons
  A centaur zombie (D:13)
  A dryad (Shoals:2)
  An efreet (D:13)
  3 fire drakes
  A tengu conjurer (D:14)
  A kobold demonologist (D:15)
  13 merfolk
  4 wind drakes
  An iron devil (Orc:4)
  3 polar bears
  10 slime creatures
  6 trolls
  A boulder beetle (Lair:8)
  9 snapping turtles
  23 blink frogs
  3 two-headed ogres
  A trapdoor spider (D:13)
  4 basilisks
  16 yaks
  2 elephant slugs
  11 sharks
  13 water elementals
  7 ugly things
  17 hippogriffs
  A hill giant skeleton (D:14)
  20 soldier ants (Lair:7)
  An ogre zombie (D:13)
  7 wargs
  9 wolves
  2 hungry ghosts
  A mottled dragon (D:14)
  12 water moccasins
  9 porcupines
  4 ogres
  4 sky beasts
  17 ice beasts
  A black bear (D:10)
  A yellow wasp (D:13)
  19 centaurs
  32 orc warriors
  2 phantoms
  The ghost of TAS2012 the Skirmisher, an average DsCK of Xom (D:3)
  3 boring beetles
  A manticore skeleton (D:13)
  11 crocodiles
  Sigmund (D:2)
  10 giant slugs
  5 big kobolds
  A gnoll sergeant (D:13)
  7 giant frogs
  A yaktaur skeleton (D:14)
  2 cyclops skeletons
  7 scorpions
  An eye of draining (shapeshifter) (D:15)
  An eye of draining (D:13)
  An electric eel (D:10)
  8 killer bees
  3 wights (D:11)
  A crimson imp (D:7)
  6 goliath beetles
  5 big fish
  3 jellies
  A quasit (D:8)
  A black bear skeleton (D:9)
  7 hounds
  A centaur skeleton (D:8)
  18 orc priests
  19 orc wizards
  An iguana (Lair:2)
  2 orange rats (Lair:1)
  26 worker ants
  16 sheep
  A mottled dragon zombie (D:13)
  An orc zombie (Orc:4)
  2 scorpion zombies
  14 adders
  8 gnolls
  78 green rats
  A giant mite (D:1)
  An inept feature mimic (D:8)
  5 shadow imps
  3 white imps
  3 worms
  A sheep zombie (D:12)
  2 giant geckos
  88 orcs
  A ball python (D:5)
  A giant cockroach (D:4)
  4 goblins
  9 hobgoblins
  10 jackals
  6 quokkas
  6 bats
  A giant spore (D:8)
  A hobgoblin skeleton (D:8)
  14 kobolds
  A rat (Lair:4)
  3 ballistomycetes (D:12)
  4 fungi
  26 plants
  A snaplasher vine segment (D:15)
  3 tentacles (Shoals:2)
945 creatures vanquished.

Vanquished Creatures (others)
  6 hydras
  A centaur warrior (D:15)
  3 dryads
  A griffon (Lair:8)
  12 drowned souls
  28 guardian golems
  A snapping turtle (Shoals:5)
  57 wargs
  4 wolves
  A giant slug (Lair:7)
  80 ice beasts
  3 lightning spires
  2 hounds
  14 crimson imps
  2 iron imps
  6 white imps
  7 shadow imps
  2 quokkas
  A giant spore (D:12)
  7 fungi (Lair:8)
  12 plants
  11 snaplasher vines
  3551 snaplasher vine segments
  4 tentacles (Shoals:2)
  50 tentacle segments (Shoals:2)
  15 toadstools (Lair:4)
3881 creatures vanquished.

Grand Total: 5228 creatures vanquished

Notes
Turn   | Place    | Note
--------------------------------------------------------------
     0 | D:1      | PolkaDot, the Vampire Summoner, began the quest for the Orb.
     0 | D:1      | Reached XP level 1. HP: 13/13 MP: 3/3
    86 | D:1      | Reached XP level 2. HP: 17/19 MP: 4/4
   112 | D:1      | Learned a level 2 spell: Call Imp
   686 | D:2      | Reached skill level 5 in Summonings
   687 | D:2      | Reached XP level 3. HP: 8/24 MP: 0/6
   774 | D:2      | Learned a level 3 spell: Call Canine Familiar
   810 | D:2      | Noticed Sigmund
   816 | D:2      | Gained mutation: You are partially covered in rugged brown scales (AC +1, +3% HP). [potion of mutation]
   816 | D:2      | Gained mutation: You evolve. [potion of mutation]
   816 | D:2      | Gained mutation: Potions and wands are less effective at restoring your health. [potion of mutation]
   819 | D:2      | Killed Sigmund
   819 | D:2      | Reached XP level 4. HP: 5/30 MP: 1/7
  1009 | D:2      | Found a snail-covered altar of Cheibriados.
  1011 | D:2      | Found a shadowy altar of Dithmenos.
  1011 | D:2      | Found a glowing silver altar of Zin.
  1559 | D:2      | Reached skill level 6 in Summonings
  1794 | D:3      | Found a deep blue altar of Sif Muna.
  1800 | D:3      | Became a worshipper of Sif Muna the Loreminder
  1859 | D:3      | Noticed TAS2012's ghost (average DsCK)
  1951 | D:3      | Paralysed by TAS2012's ghost for 4 turns
  1956 | D:3      | Killed TAS2012's ghost
  1956 | D:3      | Reached XP level 5. HP: 26/36 MP: 1/9
  2649 | D:3      | Reached skill level 7 in Summonings
  3095 | D:4      | Reached XP level 6. HP: 23/42 MP: 7/10
  3133 | D:4      | Found a sparkling altar of Nemelex Xobeh.
  3721 | D:4      | Gained mutation: Your magical capacity is low (-10% MP). [evolution]
  3788 | D:4      | Acquired Sif Muna's first power
  4028 | D:5      | Entered Level 5 of the Dungeon
  4201 | D:5      | Reached skill level 8 in Summonings
  4319 | D:5      | Found a white marble altar of Elyvilon.
  4487 | D:5      | Reached XP level 7. HP: 47/47 MP: 8/11
  4577 | D:5      | Gained mutation: Your spells are a little harder to cast, but a little more powerful. [evolution]
  4676 | D:5      | Learned a level 4 spell: Summon Ice Beast
  4932 | D:6      | Found a staircase to the Ecumenical Temple.
  5092 | D:6      | Found Aneos' Food Shop.
  5473 | D:6      | Reached skill level 1 in Ice Magic
  5777 | D:7      | Acquired Sif Muna's second power
  5777 | D:7      | Reached skill level 9 in Summonings
  6440 | D:7      | Reached XP level 8. HP: 51/53 MP: 14/14
  7298 | D:8      | Found Lyaloamo's Assorted Antiques.
  7303 | D:8      | Bought a glowing ruby amulet for 120 gold pieces
  7303 | D:8      | Bought a blackened ivory wand for 96 gold pieces
  7315 | D:8      | Noticed Maurice
  7331 | D:8      | Killed Maurice
  7331 | D:8      | Reached skill level 10 in Summonings
  7352 | D:8      | Found a flagged portal.
  7356 | D:8      | the flagged portal was a mimic.
  7358 | D:8      | Got a brightly glowing hand axe
  7360 | D:8      | Identified the +4,+5 hand axe of Frookle {flame, rElec rPois} (You found it on level 8 of the Dungeon)
  7489 | D:8      | Found Kluhous' Distillery.
  7494 | D:8      | Bought a potion of haste for 98 gold pieces
  7855 | D:9      | Reached XP level 9. HP: 47/58 MP: 2/15
  7857 | D:9      | Reached skill level 11 in Summonings
  7857 | D:9      | Reached skill level 5 in Ice Magic
  8017 | D:9      | Acquired Sif Muna's third power
  8435 | D:9      | Found an iron altar of Okawaru.
  8462 | D:9      | Learned a level 4 spell: Summon Guardian Golem
  8610 | D:10     | Entered Level 10 of the Dungeon
  8742 | D:10     | Reached skill level 1 in Hexes
  8761 | D:10     | Reached skill level 12 in Summonings
  8769 | D:10     | Found a staircase to the Lair.
  9178 | D:10     | Noticed Psyche
  9191 | D:10     | Killed Psyche
  9252 | D:10     | Killed a door mimic
  9252 | D:10     | Reached XP level 10. HP: 49/64 MP: 16/16
  9288 | D:10     | Noticed Urug
  9338 | D:10     | Killed Urug
  9338 | D:10     | Reached skill level 5 in Hexes
  9455 | D:10     | Noticed a hill giant
  9463 | D:10     | Killed a hill giant
  9579 | D:10     | Found a staircase to the Orcish Mines.
  9582 | D:10     | Got a pair of crude boots
  9586 | D:10     | Identified the +0 pair of boots of Cowardice {Dex+5 Int+3} (You found it on level 10 of the Dungeon)
  9609 | D:10     | Noticed a hill giant
  9614 | D:10     | Killed a hill giant
  9895 | Lair:1   | Entered Level 1 of the Lair of Beasts
  9944 | Lair:1   | Reached skill level 13 in Summonings
 10055 | Lair:1   | Noticed a black mamba
 10059 | Lair:1   | Killed a black mamba
 10218 | Lair:1   | Received a gift from Sif Muna
 10219 | Lair:1   | Identified Sif Muna's Collected Works on Vitriolic Ice {god gift} (Sif Muna gifted it to you on level 1 of the Lair of Beasts)
 11250 | Lair:2   | Reached skill level 14 in Summonings
 11657 | Lair:2   | Reached XP level 11. HP: 12/70 MP: 2/18
 12277 | Lair:3   | Noticed Maud
 12294 | Lair:3   | Killed Maud
 12403 | Lair:3   | Found a hole to the Spider Nest.
 12403 | Lair:3   | Noticed an orb spider
 12418 | Lair:3   | Killed an orb spider
 12931 | Lair:4   | HP: 2/70 [green rat (7)]
 13151 | Lair:4   | Found a labyrinth entrance.
 13162 | Lab      | Entered a labyrinth
 13223 | Lab      | Noticed a minotaur
 13246 | Lab      | Killed a minotaur
 13325 | Lab      | Got a twitching turquoise ring
 13337 | Lab      | Identified the ring "Dudowog" {rC++ EV+3} (You took it off a minotaur in a labyrinth)
 13487 | Lair:4   | Noticed Fannar
 13510 | Lair:4   | Killed Fannar
 13510 | Lair:4   | Reached skill level 1 in Short Blades
 13510 | Lair:4   | Reached skill level 15 in Summonings
 13573 | Lair:4   | Received a gift from Sif Muna
 13585 | Lair:4   | Identified Macitez's Reference Book on the Escort {god gift} (Sif Muna gifted it to you on level 4 of the Lair of Beasts)
 13786 | Lair:4   | Noticed a lindwurm
 13786 | Lair:4   | Noticed a lindwurm
 13832 | Lair:4   | Killed a lindwurm
 13860 | Lair:4   | Killed a lindwurm
 14129 | Lair:4   | Found a staircase to the Shoals.
 15020 | Lair:5   | Noticed a five-headed hydra
 15029 | Lair:5   | Killed a five-headed hydra
 15227 | Lair:5   | Learned a level 4 spell: Summon Lightning Spire
 15655 | Lair:5   | Gained mutation: Your mind is acute. (Int +2) [evolution]
 15886 | Lair:5   | Reached skill level 1 in Fighting
 16043 | Lair:5   | Noticed a five-headed hydra
 16048 | Lair:5   | Killed a five-headed hydra
 16147 | Lair:6   | Identified Xunwoliola's Grimoire of Feathers
 16175 | Lair:6   | Noticed a death yak
 16175 | Lair:6   | Noticed a death yak
 16176 | Lair:6   | Noticed a death yak
 16206 | Lair:6   | Killed a death yak
 16206 | Lair:6   | Reached XP level 12. HP: 78/78 MP: 10/23
 16208 | Lair:6   | Noticed a death yak
 16210 | Lair:6   | Noticed a death yak
 16211 | Lair:6   | Killed a death yak
 16221 | Lair:6   | Killed a death yak
 16225 | Lair:6   | Killed a death yak
 16228 | Lair:6   | Killed a death yak
 16523 | Lair:6   | Reached skill level 5 in Dodging
 16523 | Lair:6   | Reached skill level 16 in Summonings
 17048 | Lair:7   | Noticed a seven-headed hydra
 17060 | Lair:7   | Killed a seven-headed hydra
 18067 | Lair:7   | Noticed an eight-headed hydra
 18074 | Lair:7   | Killed an eight-headed hydra
 18485 | Lair:8   | Entered Level 8 of the Lair of Beasts
 18549 | Lair:8   | Noticed a seven-headed hydra
 18561 | Lair:8   | Killed a seven-headed hydra
 19292 | Lair:8   | Noticed an eight-headed hydra
 19550 | Lair:8   | Received a gift from Sif Muna
 19668 | Lair:8   | Found a staircase to the Slime Pits.
 19668 | Lair:8   | Found a viscous altar of Jiyva.
 19924 | Lair:8   | Killed a ravenous statue mimic
 19970 | Lair:8   | Reached skill level 10 in Dodging
 19970 | Lair:8   | Reached XP level 13. HP: 39/83 MP: 12/24
 20164 | Lair:8   | Killed an eight-headed hydra
 20181 | Lair:8   | Identified a scroll of acquirement
 20933 | D:11     | Found Praikug's Antique Weapon Shop.
 21205 | D:11     | Learned a level 2 spell: Blink
 21620 | D:12     | Reached skill level 5 in Spellcasting
 22540 | D:13     | Reached skill level 17 in Summonings
 22660 | D:13     | Found a gate to the Vaults.
 22673 | D:13     | Learned a level 5 spell: Summon Forest
 22922 | D:13     | Reached skill level 1 in Translocations
 23688 | D:14     | Noticed Frances
 23706 | D:14     | Killed Frances
 23706 | D:14     | Received a gift from Sif Muna
 23707 | D:14     | Identified Sif Muna's Papyrus of the Albatross {god gift} (Sif Muna gifted it to you on level 14 of the Dungeon)
 24486 | D:15     | Entered Level 15 of the Dungeon
 24942 | D:15     | Found Oqufrug's Book Shoppe.
 24945 | D:15     | Oqufrug's Book Shoppe was a mimic.
 25120 | D:15     | Noticed a dire elephant
 25146 | D:15     | Killed a dire elephant
 25149 | D:15     | Learned a level 1 spell: Summon Butterflies
 25219 | D:15     | Found a staircase to the Depths.
 25932 | Shoals:1 | Entered Level 1 of the Shoals
 27266 | Shoals:1 | Received a gift from Sif Muna
 27266 | Shoals:1 | Reached XP level 14. HP: 58/90 MP: 9/29
 27267 | Shoals:1 | Identified Sif Muna's Almanac of the Traveller and Cold {god gift} (Sif Muna gifted it to you on level 1 of the Shoals)
 27294 | Shoals:1 | Learned a level 3 spell: Regeneration
 28169 | Shoals:2 | Reached skill level 1 in Charms
 28169 | Shoals:2 | Reached skill level 1 in Air Magic
 28286 | Shoals:2 | Noticed Norris
 28347 | Shoals:2 | Killed Norris
 28664 | Shoals:2 | Learned a level 1 spell: Apportation
 28932 | Shoals:2 | Noticed a frost giant
 28941 | Shoals:2 | Killed a frost giant
 28999 | Shoals:2 | Reached skill level 5 in Charms
 28999 | Shoals:2 | Received a gift from Sif Muna
 29000 | Shoals:2 | Identified Brotak's Papyrus of Calling {god gift} (Sif Muna gifted it to you on level 2 of the Shoals)
 29138 | Shoals:2 | Noticed a kraken
 29154 | Shoals:2 | Killed a kraken
 29649 | Lair:4   | Learned a level 7 spell: Summon Hydra
 30117 | Shoals:3 | Noticed Polyphemus
 30139 | Shoals:3 | Killed Polyphemus
 30647 | Shoals:3 | Found Jeg Duolo's Food Emporium.
 31230 | Shoals:4 | Reached skill level 18 in Summonings
 31600 | Shoals:4 | Noticed Snorg
 31606 | Shoals:4 | Killed Snorg
 32039 | Shoals:4 | Received a gift from Sif Muna
 32044 | Shoals:4 | Identified Sif Muna's Tome of Dislocated Aid {god gift} (Sif Muna gifted it to you on level 4 of the Shoals)
 32442 | Orc:1    | Entered Level 1 of the Orcish Mines
 32633 | Orc:1    | Found a flagged portal.
 32645 | Bailey   | Entered a bailey
 32985 | Bailey   | Noticed an orc warlord
 32997 | Bailey   | Killed an orc warlord
 33101 | Bailey   | Gained mutation: You can spit poison. [potion of beneficial mutation]
 33102 | Bailey   | Reached XP level 15. HP: 95/95 MP: 26/28
 33462 | Orc:3    | Gained mutation: Your spells are harder to cast, but more powerful. [evolution]
 33530 | Orc:3    | Noticed Donald
 33541 | Orc:3    | Killed Donald
 33627 | Orc:3    | Noticed Nessos
 33635 | Orc:3    | Killed Nessos
 33930 | Orc:3    | Found Uwar's Gadget Boutique.
 34095 | Orc:4    | Entered Level 4 of the Orcish Mines
 34142 | Orc:4    | Received a gift from Sif Muna
 34277 | Orc:4    | Found a roughly hewn altar of Beogh.
 34286 | Orc:4    | Found Miomu's Armour Shop.
 34379 | Orc:4    | Found Proanawn's Magic Scroll Boutique.
 34396 | Orc:4    | Bought a scroll of acquirement for 676 gold pieces
 34453 | Orc:4    | Found a staircase to the Elven Halls.
 34483 | Orc:4    | Found Jias' Weapon Shoppe.
 34503 | Orc:4    | Found a roughly hewn altar of Beogh.
 34567 | Orc:4    | Found a roughly hewn altar of Beogh.
 34610 | Orc:4    | Found a roughly hewn altar of Beogh.
 34618 | Orc:4    | Found Twoutt's Jewellery Shoppe.
 34618 | Orc:4    | Reached skill level 10 in Spellcasting
 34674 | Orc:4    | Found a roughly hewn altar of Beogh.
 34859 | Orc:4    | Found a roughly hewn altar of Beogh.
 34993 | Orc:4    | Noticed Gastronok
 35088 | Orc:4    | Killed Gastronok
 35088 | Orc:4    | Reached XP level 16. HP: 85/104 MP: 8/29
 35128 | Orc:4    | Found a roughly hewn altar of Beogh.
 35269 | Orc:4    | Found a roughly hewn altar of Beogh.
 35297 | Orc:4    | Learned a level 6 spell: Haste
 35785 | Orc:4    | Found Stiocs' Antique Weapon Boutique.
 35785 | Orc:4    | Found a roughly hewn altar of Beogh.
 35787 | Orc:4    | Found Strukhleawn's Antique Armour Shop.
 36085 | Shoals:5 | Entered Level 5 of the Shoals
 36099 | Shoals:5 | Noticed Ilsuiw
 36194 | Shoals:5 | HP: 3/105 [alligator snapping turtle (19)]
 36203 | Shoals:5 | Killed Ilsuiw
 36542 | Shoals:5 | Hit by a javelin of returning thrown by a merfolk javelineer

Action                   |  1- 3 |  4- 6 |  7- 9 | 10-12 | 13-15 | 16-18 || total
-------------------------+-------+-------+-------+-------+-------+-------++-------
Melee: Unarmed           |    10 |     2 |       |       |       |       ||    12
       Short sword       |    55 |   308 |   386 |   184 |       |       ||   933
       Hand axe          |       |       |    10 |   145 |   581 |   145 ||   881
       Staff             |       |       |       |    13 |       |       ||    13
Throw: Dart              |       |    17 |     1 |       |       |       ||    18
 Cast: Summon Small Mamm |     3 |     1 |     1 |     3 |       |       ||     8
       Call Imp          |     5 |    14 |     7 |    41 |    35 |       ||   102
       Call Canine Famil |     1 |    16 |    31 |    74 |    58 |       ||   180
       Summon Ice Beast  |       |       |    37 |   270 |   252 |       ||   559
       Summon Guardian G |       |       |     1 |    42 |    68 |     1 ||   112
       Summon Lightning  |       |       |       |     4 |    12 |       ||    16
       Summon Forest     |       |       |       |       |    50 |     7 ||    57
       Blink             |       |       |       |       |     4 |     2 ||     6
       Summon Hydra      |       |       |       |       |    86 |    18 ||   104
       Haste             |       |       |       |       |       |     2 ||     2
Invok: Channel Energy    |       |       |    66 |   544 |   870 |    58 ||  1538
 Abil: Bottle Blood      |       |       |       |    22 |    35 |    14 ||    71
Evoke: Wand              |       |     2 |     3 |     6 |     5 |       ||    16
  Use: Potion            |     1 |     2 |     7 |    32 |    36 |    36 ||   114
       Scroll            |       |     8 |    20 |    14 |    19 |     5 ||    66
 Stab: Sleeping          |     2 |     4 |     6 |     5 |     3 |       ||    20
       Distracted        |       |     1 |     2 |     5 |     2 |       ||    10
       Invisible         |       |       |       |       |     2 |       ||     2
